 Dungeon Sprint DCSS version 0.14-a0-59-gd5eeb80 (console) character file.

288869 Dalvant the Pyromancer (level 13, 58/69 HPs)
             Began as a Deep Elf Fire Elementalist on Sept 30, 2013.
             Was the Champion of Sif Muna.
             Escaped with the Orb!
             The game lasted 00:51:41 (6586 turns).

Dalvant the Pyromancer (Deep Elf Fire Elementalist) Turns: 6586, Time: 00:51:41

HP  58/69        AC 17     Str  6      XL: 13   Next: 43%
MP  38/38        EV 12     Int 26      God: Sif Muna [******]
Gold 158         SH 13     Dex 16      Spells: 12 memorised,  0 levels left

Res.Fire  : + . .   See Invis. : +   o - +5,+4 sabre of Clax {pain, rF+ Dex+1}
Res.Cold  : + + +   Warding    : .   k - +3 leather armour {rPois}
Life Prot.: . . .   Conserve   : .   j - +2 buckler {AC+3}
Res.Poison: +       Res.Corr.  : +   l - +2 cap of Koxub {rElec rPois rC++ Str+1}
Res.Elec. : +       Clarity    : .   y - +2 elf cloak {MR+}
Sust.Abil.: . .     Spirit.Shd : .   n - +2 pair of orc gloves
Res.Mut.  : .       Prev.Telep.: +   (no boots)
Res.Rott. : .       Flight     : .   u - amulet "Vaidemec" {rCorr rC+ MR++}
Saprovore : . . .                    C - ring "Afuiqon" {Contam +Fly}
                                     p - ring of see invisible

@: very slightly contaminated, extremely resistant to hostile enchantments,
unstealthy
A: no striking features
a: Channel Energy, Forget Spell, Renounce Religion, Evoke Flight


You escaped.
You worshipped Sif Muna.
Sif Muna was exalted by your worship.
You were not hungry.

You visited 1 branch You collected 3837 gold pieces.
You spent 3699 gold pieces at shops.

Inventory:

Hand weapons
 o - the +5,+4 sabre of Clax (weapon) {pain, rF+ Dex+1}
   (You bought it in a shop in the Dungeon)

   In the hands of one skilled in necromantic magic, it inflicts extra damage on
   living creatures.
   It affects your dexterity (+1).
   It protects you from fire.
Armour
 a - a +0 elven robe
 j - a +2 buckler of protection (worn)
 k - a +3 leather armour of poison resistance (worn)
 l - the +2 cap of Koxub (worn) {rElec rPois rC++ Str+1}
   (You bought it in a shop in the Dungeon)

   It affects your strength (+1).
   It greatly protects you from cold.
   It insulates you from electricity.
   It protects you from poison.
 n - a +2 pair of orcish gloves (worn)
 y - a +2 elven cloak of magic resistance (worn)
Magical devices
 t - a wand of hasting (2)
 A - a wand of slowing (10)
Comestibles
 v - an apple
 w - a bread ration
Scrolls
 d - a scroll of amnesia
 m - a scroll of remove curse
 s - a scroll of identify
 B - a scroll of magic mapping
Jewellery
 p - a ring of see invisible (left hand)
 u - the amulet "Vaidemec" (around neck) {rCorr rC+ MR++}
   (You bought it in a shop in the Dungeon)

   [amulet of resist corrosion]

   It protects you from cold.
   It affects your resistance to hostile enchantments.
 C - the ring "Afuiqon" (right hand) {Contam +Fly}
   (You bought it in a shop in the Dungeon)

   [ring of flight]

   It causes magical contamination when unequipped.
Potions
 e - 2 potions of curing
 r - a potion of magic
Books
 f - Sif Muna's Handbook of Attacks and Fire
   (Sif Muna gifted it to you in the Dungeon)

   Spells                             Type                      Level
   Bolt of Magma                      Conjuration/Fire/Earth       5
   Bolt of Draining                   Conjuration/Necromancy       6
   *Fire Storm                        Conjuration/Fire             9
 g - a tome of Destruction
 i - Sif Muna's Handbook of Unholy Confrontation
   (Sif Muna gifted it to you in the Dungeon)

   Spells                             Type                      Level
   Sting                              Conjuration/Poison           1
   Dazzling Spray                     Conjuration/Hexes            3
   Vampiric Draining                  Necromancy                   3
   Force Lance                        Conjuration                  5
   Death's Door                       Charms/Necromancy            8
 q - Sif Muna's Tome of Unholy Conjuration
   (Sif Muna gifted it to you in the Dungeon)

   Spells                             Type                      Level
   Magic Dart                         Conjuration                  1
   Animate Skeleton                   Necromancy                   1
   *Fireball                          Conjuration/Fire             5
   Dispel Undead                      Necromancy                   5
   Lehudib's Crystal Spear            Conjuration/Earth            8
 x - Sif Muna's Tome of Assistive Dark Secrets
   (Sif Muna gifted it to you in the Dungeon)

   Spells                             Type                      Level
   Pain                               Necromancy                   1
   Regeneration                       Charms/Necromancy            3
   *Iskenderun's Battlesphere         Conjuration/Charms           4
   Twisted Resurrection               Necromancy                   5
   Haunt                              Necromancy/Summoning         7
Orbs of Power
 b - the Orb of Zot
Miscellaneous
 h - a crystal ball of energy


   Skills:
 - Level 5.3 Fighting
 - Level 3.7 Armour
 - Level 4.7 Dodging
 - Level 6.3 Stealth
 - Level 3.8 Shields
 - Level 0.4 Unarmed Combat
 - Level 18.5 Spellcasting
 + Level 22.1 Conjurations
 - Level 3.6 Charms
 - Level 1.0 Summonings
 - Level 4.2 Necromancy
 - Level 1.0 Translocations
 * Level 22.2 Fire Magic
 + Level 1.5 Earth Magic
 - Level 1.2 Invocations
 + Level 1.2 Evocations


You couldn't memorise any spells.
You knew the following spells:

 Your Spells              Type           Power        Failure   Level  Hunger
a - Iron Shot             Conj/Erth      ######....   2%          6    ###....
b - Iskenderun's Mystic   Conj           #######.     0%          4    None
e - Bolt of Fire          Conj/Fire      #######...   1%          6    ###....
o - Orb of Destruction    Conj           #######...   1%          7    #####..
p - Sublimation of Blood  Necr           #####.....   1%          2    None
v - Fireball              Conj/Fire      #######...   0%          5    None
C - Iskenderun's Battles  Conj/Chrm      ######..     1%          4    None
D - Delayed Fireball      Conj/Fire      N/A          1%          7    #####..
R - Fire Storm            Conj/Fire      #######...   24%         9    #######
T - Blink                 Tloc           N/A          1%          2    None
U - Summon Butterflies    Summ           ####....     1%          1    None
W - Apportation           Tloc           ####......   1%          1    None


Dungeon Overview and Level Annotations

Branches:
Dungeon (1/1)

Altars:
Cheibriados
Elyvilon
Fedhas
Kikubaaqudgha
Makhleb
Sif Muna
Trog
Zin

Shops:
D (=+[?*[!(?==*[}/[}[%

Annotations:
D Tiamat


Message History

Things that are here:
a robe; an elven dagger
There is an open door here.
You feel yourself slow down.
There is an open door here.
You avoid triggering a dart trap.
There is a dart trap here.
You see here a dart.
There is an open door here.
There is an open door here.
Things that are here:
a robe; a scythe
There is an open door here.
There is an open door here.
You see here a giant club.
There is an open door, spattered with blood here.
Things that are here:
an orcish leather armour; a club
There is a staircase leading out of the dungeon here.
You have escaped!

##########################################
#<@#..)..#.['..#__#..'[[.#..#§§§.§§§§§..'.
#<.[..#..'..#..'^.'..#...##'#§####....§##.
#..#####'#####'#__####..§§§§#§#)###.§§####
#..####..#...#.####(.#####.§§§#'#.###§#.)(
#..#_.####..##.#≈§§§§#.§##'####^..#.#.##..
#..#.....##'#..'≈≈(§§§§§#.^§§§#....##§§###
#⌠⌠#_.∩...'..._#≈≈≈§§#§§#^^§§.'.....##§§.#
####.....##_.#'##'#####§###)§§#^....#..###
#_._._###(#[#)(([###.§.#§§4###''##.##..
############.####'###[###(#§§###..###.)#'#
#∩........'...[.....'.∩##.#§§####..###...#
###''''####...###########}##'#..#..#.###.#
#.......####.###.......##.##.#.§.......#.#
#........#.#'#.#........'§####.§§......#.#
#..#.....#.....#'''######§#(.'...§..####+#
#........#.)[..#)...§§..#.#####...###....#
#.....#..#######.......#'§#...#####.).####
#...:....##...........≈####)...)....###
#..#.....##..........≈≈##(.[..d.##### #
#........###.......≈≈≈###)(....## #
###''''### ###..≈≈≈≈### #.....## #
#∩......∩####'######'####.....# #
#:.......##∩∩########∩∩##..####### #
#∩......∩###∩∩∩∩[∩∩∩∩∩###≈≈≈≈≈≈≈≈. #
########## ############ #.######## +


There were no monsters in sight!

Vanquished Creatures
  the Lernaean hydra (D)
  Norris (D)
  A deep elf master archer (D)
  A daeva (D)
  4 fire giants (D)
  A lorocyproca (D)
  A deep elf annihilator (D)
  A mummy priest (D)
  A hydra (D)
  2 centaur warriors (D)
  A deep troll (D)
  A giant amoeba (D)
  7 unseen horrors (D)
  A lindwurm (D)
  2 oklob plants (D)
  8 shining eyes (D)
  A hellwing (D)
  4 demonic crawlers (D)
  A mermaid (D)
  Sonja (D)
  A metal gargoyle (D)
  4 trapdoor spiders (D)
  An elephant slug (D)
  13 hogs (D)
  7 necrophages (D)
  2 kobold demonologists (D)
  4 yellow wasps (D)
  An ogre (D)
  Sigmund (D)
  7 pulsating lumps (D)
  A jelly (D)
  Ijyb (D)
  7 giant eyeballs (D)
  A giant spore (D)
  3 ballistomycetes (D)
95 creatures vanquished.

Vanquished Creatures (others)
  A mermaid (D)
  A metal gargoyle (D)
  A yellow wasp (D)
  A giant spore (D)
4 creatures vanquished.

Grand Total: 99 creatures vanquished

Notes
Turn   | Place    | Note
--------------------------------------------------------------
     0 | D        | Dalvant, the Deep Elf Fire Elementalist, began the quest for the Orb.
     0 | D        | Reached XP level 1. HP: 10/10 MP: 4/4
     1 | D        | Noticed Ijyb
    11 | D        | Killed Ijyb
    11 | D        | Reached skill level 5 in Fire Magic
    11 | D        | Reached XP level 2. HP: 15/15 MP: 0/7
    66 | D        | Noticed an ogre
    72 | D        | Killed an ogre
    72 | D        | Reached skill level 8 in Fire Magic
    72 | D        | Reached XP level 3. HP: 19/19 MP: 1/10
    72 | D        | Reached XP level 4. HP: 24/24 MP: 1/12
    78 | D        | Learned a level 4 spell: Sticky Flame
   166 | D        | Noticed Sigmund
   171 | D        | Killed Sigmund
   171 | D        | Reached skill level 10 in Fire Magic
   171 | D        | Reached XP level 5. HP: 8/28 MP: 2/15
   179 | D        | Learned a level 5 spell: Fireball
   402 | D        | Found an ancient bone altar of Kikubaaqudgha.
   402 | D        | Found a deep blue altar of Sif Muna.
   402 | D        | Found a blossoming altar of Fedhas.
   402 | D        | Found a bloodstained altar of Trog.
   402 | D        | Noticed a giant amoeba
   404 | D        | Found a glowing silver altar of Zin.
   405 | D        | Noticed a jelly
   406 | D        | Found a white marble altar of Elyvilon.
   412 | D        | Killed a jelly
   417 | D        | Found a burning altar of Makhleb.
   417 | D        | Found an ancient bone altar of Kikubaaqudgha.
   417 | D        | Found Arox's Antique Armour Emporium.
   417 | D        | Found a snail-covered altar of Cheibriados.
   417 | D        | Found a blossoming altar of Fedhas.
   417 | D        | Noticed an elephant slug
   436 | D        | Killed a giant amoeba
   436 | D        | Reached skill level 12 in Fire Magic
   436 | D        | Reached XP level 6. HP: 33/35 MP: 8/19
   436 | D        | Reached XP level 7. HP: 37/40 MP: 8/21
   446 | D        | Became a worshipper of Sif Muna the Loreminder
   523 | D        | Noticed a kobold demonologist
   524 | D        | Reached skill level 13 in Fire Magic
   525 | D        | Noticed a kobold demonologist
   525 | D        | Killed a kobold demonologist
   525 | D        | Reached skill level 5 in Fighting
   526 | D        | Killed a kobold demonologist
   526 | D        | Acquired Sif Muna's first power
   626 | D        | Found a glowing silver altar of Zin.
   645 | D        | Killed an elephant slug
   645 | D        | Reached skill level 5 in Spellcasting
   653 | D        | Bought a runed buckler for 55 gold pieces
   657 | D        | Bought a dyed leather armour for 44 gold pieces
   664 | D        | Bought a pair of gloves for 26 gold pieces
   729 | D        | Noticed Sonja
   733 | D        | Killed Sonja
   733 | D        | Acquired Sif Muna's second power
   733 | D        | Reached skill level 1 in Armour
   733 | D        | Reached skill level 1 in Shields
   733 | D        | Reached XP level 8. HP: 40/45 MP: 3/24
   839 | D        | Noticed a deep troll
   843 | D        | Killed a deep troll
   866 | D        | Found Iraich's Armour Emporium.
   870 | D        | Bought a +0 winged helmet for 36 gold pieces
   905 | D        | Found Leasa Riad's Antique Weapon Boutique.
   914 | D        | Bought a shimmering sabre for 216 gold pieces
   915 | D        | Identified the +5,+4 sabre of Clax {pain, rF+ Dex+1} (You bought it in a shop in the Dungeon)
   915 | D        | Identified the +5,+4 sabre of Clax {pain, rF+ Dex+1} (You bought it in a shop in the Dungeon)
   984 | D        | Noticed a centaur warrior
   985 | D        | Killed a centaur warrior
   985 | D        | Acquired Sif Muna's third power
   985 | D        | Reached skill level 10 in Conjurations
   985 | D        | Reached XP level 9. HP: 49/49 MP: 15/28
   987 | D        | Noticed a centaur warrior
   987 | D        | Killed a centaur warrior
  1001 | D        | Noticed a yellow wasp
  1003 | D        | Killed a yellow wasp
  1122 | D        | Noticed an oklob plant
  1151 | D        | Killed an oklob plant
  1151 | D        | Received a gift from Sif Muna
  1156 | D        | Learned a level 2 spell: Sublimation of Blood
  1184 | D        | Noticed a trapdoor spider
  1190 | D        | Killed a trapdoor spider
  1190 | D        | Reached skill level 1 in Necromancy
  1190 | D        | Reached skill level 14 in Fire Magic
  1333 | D        | Noticed a trapdoor spider
  1341 | D        | Killed a trapdoor spider
  1500 | D        | Noticed a trapdoor spider
  1506 | D        | Killed a trapdoor spider
  1561 | D        | Killed a metal gargoyle
  1612 | D        | Noticed a trapdoor spider
  1620 | D        | Killed a trapdoor spider
  1620 | D        | Reached XP level 10. HP: 31/55 MP: 23/32
  1765 | D        | Noticed an unseen horror
  1765 | D        | Killed an unseen horror
  1765 | D        | Received a gift from Sif Muna
  1768 | D        | Noticed an unseen horror
  1769 | D        | Killed an unseen horror
  1832 | D        | Learned a level 2 spell: Blink
  1834 | D        | Learned a level 1 spell: Summon Butterflies
  1836 | D        | Learned a level 1 spell: Apportation
  1841 | D        | Noticed a pulsating lump
  1841 | D        | Noticed a pulsating lump
  1841 | D        | Noticed a pulsating lump
  1841 | D        | Noticed a pulsating lump
  1841 | D        | Noticed a pulsating lump
  1841 | D        | Noticed a pulsating lump
  1841 | D        | Noticed a necrophage
  1841 | D        | Noticed a necrophage
  1843 | D        | Noticed a necrophage
  1843 | D        | Noticed a necrophage
  1844 | D        | Killed a pulsating lump
  1845 | D        | Noticed a necrophage
  1845 | D        | Noticed a necrophage
  1845 | D        | Killed a pulsating lump
  1845 | D        | Killed a pulsating lump
  1845 | D        | Killed a pulsating lump
  1846 | D        | Noticed a necrophage
  1848 | D        | Noticed a pulsating lump
  1848 | D        | Killed a necrophage
  1853 | D        | Killed a necrophage
  1853 | D        | Reached skill level 15 in Fire Magic
  1856 | D        | Killed a pulsating lump
  1858 | D        | Killed a necrophage
  1858 | D        | Killed a necrophage
  1861 | D        | Killed a necrophage
  1980 | D        | Killed a pulsating lump
  1984 | D        | Killed a necrophage
  1984 | D        | Received a gift from Sif Muna
  1984 | D        | Reached skill level 1 in Invocations
  1989 | D        | Identified Sif Muna's Handbook of the Blaze and Attacks (Sif Muna gifted it to you in the Dungeon)
  1997 | D        | Learned a level 6 spell: Bolt of Fire
  2069 | D        | Found Iqablee's Distillery.
  2069 | D        | Found Heaff's Armour Boutique.
  2069 | D        | Found Esaax's Gadget Emporium.
  2079 | D        | Killed a pulsating lump
  2085 | D        | Killed a necrophage
  2100 | D        | Found Thusoduo's Weapon Boutique.
  2114 | D        | Found Ceziapn's Antique Armour Shop.
  2115 | D        | Found Qagedduv's Food Emporium.
  2120 | D        | Found Smoar's Magic Scroll Emporium.
  2120 | D        | Found Gellemas' Jewellery Shop.
  2120 | D        | Found Chaummo's Jewellery Shoppe.
  2120 | D        | Found Zilidimo's Food Boutique.
  2120 | D        | Found Wogaw's Assorted Antiques.
  2120 | D        | Found Zety's Armour Shop.
  2120 | D        | Found Bixo's Gadget Shoppe.
  2120 | D        | Found Geraxide's Magical Wand Boutique.
  2128 | D        | Bought an apple for 8 gold pieces
  2128 | D        | Bought a bread ration for 40 gold pieces
  2128 | D        | Bought a meat ration for 40 gold pieces
  2128 | D        | Bought a choko for 4 gold pieces
  2128 | D        | Bought an apple for 8 gold pieces
  2128 | D        | Bought a bread ration for 40 gold pieces
  2130 | D        | Bought an embroidered elven cloak for 31 gold pieces
  2226 | D        | Reached skill level 1 in Summonings
  2226 | D        | Reached skill level 1 in Translocations
  2256 | D        | Noticed a shining eye
  2256 | D        | Noticed a shining eye
  2274 | D        | Paralysed by a giant eyeball for 3 turns
  2297 | D        | Gained mutation: You occasionally shout uncontrollably. [a shining eye]
  2298 | D        | Killed a shining eye
  2298 | D        | Reached skill level 15 in Conjurations
  2300 | D        | Noticed a shining eye
  2301 | D        | Noticed a shining eye
  2301 | D        | Noticed a shining eye
  2302 | D        | Noticed a shining eye
  2426 | D        | Killed a shining eye
  2471 | D        | Killed a shining eye
  2471 | D        | Received a gift from Sif Muna
  2475 | D        | Killed a shining eye
  2475 | D        | Reached XP level 11. HP: 60/60 MP: 2/34
  2479 | D        | Identified Lehudib's Disquisition on Combat Magic (Sif Muna gifted it to you in the Dungeon)
  2488 | D        | Learned a level 7 spell: Delayed Fireball
  2641 | D        | Noticed a shining eye
  2642 | D        | Killed a shining eye
  2642 | D        | Reached skill level 16 in Fire Magic
  2644 | D        | Killed a shining eye
  2646 | D        | Noticed a shining eye
  2651 | D        | Killed a shining eye
  2651 | D        | Reached skill level 15 in Spellcasting
  2653 | D        | Gained mutation: You sometimes yell uncontrollably. [a shining eye]
  2654 | D        | Killed a shining eye
  2809 | D        | Found Obak's Magic Scroll Shop.
  2809 | D        | Found Okoidgheo's Book Emporium.
  2809 | D        | Found Jononkio's Assorted Antiques.
  2810 | D        | Found Ramemef's Jewellery Shoppe.
  2824 | D        | Bought a scroll of remove curse for 30 gold pieces
  2824 | D        | Bought a scroll of magic mapping for 35 gold pieces
  2824 | D        | Bought a scroll of identify for 20 gold pieces
  2828 | D        | Bought a smoky white potion for 15 gold pieces
  2828 | D        | Bought a metallic green potion for 15 gold pieces
  2829 | D        | Bought a scroll labeled DYXUM IKEDE for 17 gold pieces
  2829 | D        | Bought an elven dagger for 40 gold pieces
  2831 | D        | Bought a scroll labeled FUH CEFOPHU for 17 gold pieces
  2931 | D        | Bought a book of Conjurations for 300 gold pieces
  2937 | D        | Learned a level 4 spell: Iskenderun's Battlesphere
  2942 | D        | Learned a level 4 spell: Iskenderun's Mystic Blast
  3016 | D        | Noticed a demonic crawler
  3016 | D        | Noticed a demonic crawler
  3016 | D        | Noticed a demonic crawler
  3016 | D        | Noticed a demonic crawler
  3019 | D        | Killed a demonic crawler
  3019 | D        | Received a gift from Sif Muna
  3020 | D        | Killed a demonic crawler
  3021 | D        | Killed a demonic crawler
  3023 | D        | Killed a demonic crawler
  3026 | D        | Identified Yceqygoz's Compendium of Attacks (Sif Muna gifted it to you in the Dungeon)
  3035 | D        | Learned a level 7 spell: Orb of Destruction
  3156 | D        | Noticed a metal gargoyle
  3164 | D        | Killed a metal gargoyle
  3251 | D        | Noticed a lindwurm
  3252 | D        | Killed a lindwurm
  3252 | D        | Reached skill level 17 in Fire Magic
  3315 | D        | Noticed a hog
  3315 | D        | Noticed a hog
  3315 | D        | Noticed a hog
  3315 | D        | Noticed a hog
  3315 | D        | Noticed a hog
  3316 | D        | Killed a hog
  3316 | D        | Killed a hog
  3317 | D        | Noticed a hog
  3317 | D        | Noticed a hog
  3317 | D        | Killed a hog
  3317 | D        | Killed a hog
  3318 | D        | Noticed a hog
  3318 | D        | Noticed a hog
  3318 | D        | Noticed a hog
  3318 | D        | Noticed a hog
  3318 | D        | Killed a hog
  3318 | D        | Received a gift from Sif Muna
  3318 | D        | Killed a hog
  3318 | D        | Killed a hog
  3319 | D        | Noticed a hog
  3319 | D        | Noticed a hog
  3320 | D        | Killed a hog
  3320 | D        | Killed a hog
  3320 | D        | Killed a hog
  3324 | D        | Killed a hog
  3324 | D        | Killed a hog
  3328 | D        | Killed a hog
  3474 | D        | Noticed a 12-headed hydra
  3479 | D        | Killed a 12-headed hydra
  3610 | D        | Noticed a mermaid
  3611 | D        | Killed a mermaid
  3633 | D        | Noticed a hellwing
  3633 | D        | Noticed a yellow wasp
  3633 | D        | Noticed a yellow wasp
  3634 | D        | Killed a yellow wasp
  3634 | D        | Killed a yellow wasp
  3636 | D        | Killed a hellwing
  3636 | D        | Reached skill level 1 in Charms
  3643 | D        | Noticed a yellow wasp
  3644 | D        | Killed a yellow wasp
  3644 | D        | Received a gift from Sif Muna
  3645 | D        | Identified Sif Muna's Tome of Black Arts and Slavery (Sif Muna gifted it to you in the Dungeon)
  3749 | D        | Noticed a deep elf annihilator
  3753 | D        | Killed a deep elf annihilator
  3753 | D        | Reached skill level 18 in Conjurations
  3761 | D        | Killed a mermaid
  3777 | D        | Killed a yellow wasp
  3815 | D        | Noticed a mummy priest
  3820 | D        | Killed a mummy priest
  3820 | D        | Reached XP level 12. HP: 64/64 MP: 16/37
  3820 | D        | Killed an oklob plant
  4001 | D        | Noticed the 27-headed Lernaean hydra
  4006 | D        | Killed the 27-headed Lernaean hydra
  4006 | D        | Received a gift from Sif Muna
  4006 | D        | Received a gift from Sif Muna
  4006 | D        | Reached skill level 19 in Conjurations
  4160 | D        | Noticed a deep elf master archer
  4203 | D        | Killed a deep elf master archer
  4228 | D        | Identified the Incunabulum of Battle Magic
  4237 | D        | Identified Sif Muna's Almanac of the Arsonist and Battle Magic
  4382 | D        | Bought the +2 cap of Koxub {rElec rPois rC++ Str+1} for 764 gold pieces
  4395 | D        | Bought a murky purple potion for 23 gold pieces
  4395 | D        | Bought an inky potion for 23 gold pieces
  4395 | D        | Bought an orange potion for 23 gold pieces
  4395 | D        | Bought a scroll labeled ABA RUOKUCAPPA for 26 gold pieces
  4403 | D        | Bought an uncursed ring of see invisible for 180 gold pieces
  4429 | D        | Bought a bread ration for 40 gold pieces
  4429 | D        | Bought a bread ration for 40 gold pieces
  4429 | D        | Bought a bread ration for 40 gold pieces
  4434 | D        | Bought a scroll of remove curse for 36 gold pieces
  4528 | D        | Noticed Norris
  4528 | D        | Noticed a lorocyproca
  4530 | D        | Killed a lorocyproca
  4530 | D        | Received a gift from Sif Muna
  4532 | D        | Identified Sif Muna's Tome of Unholy Conjuration (Sif Muna gifted it to you in the Dungeon)
  4610 | D        | Killed Norris
  4610 | D        | Received a gift from Sif Muna
  4610 | D        | Reached skill level 20 in Conjurations
  4611 | D        | Identified Sif Muna's Handbook of Attacks and Fire (Sif Muna gifted it to you in the Dungeon)
  4622 | D        | Learned a level 9 spell: Fire Storm
  4873 | D        | Bought a wand of hasting (6) for 720 gold pieces
  4884 | D        | Bought the amulet "Vaidemec" {rCorr rC+ MR++} for 483 gold pieces
  4958 | D        | Noticed a daeva
  5311 | D        | Killed a daeva
  5311 | D        | Reached XP level 13. HP: 46/69 MP: 2/38
  5467 | D        | Noticed an unseen horror
  5467 | D        | Noticed an unseen horror
  5467 | D        | Noticed an unseen horror
  5469 | D        | Noticed an unseen horror
  5469 | D        | Noticed an unseen horror
  5469 | D        | Killed an unseen horror
  5469 | D        | Killed an unseen horror
  5469 | D        | Received a gift from Sif Muna
  5469 | D        | Reached skill level 21 in Conjurations
  5470 | D        | Killed an unseen horror
  5472 | D        | Killed an unseen horror
  5473 | D        | Killed an unseen horror
  5646 | D        | Identified Sif Muna's Tome of Assistive Dark Secrets (Sif Muna gifted it to you in the Dungeon)
  5656 | D        | Noticed a fire giant
  5659 | D        | Noticed a fire giant
  5661 | D        | Noticed a fire giant
  5664 | D        | Killed a fire giant
  5985 | D        | Learned a level 6 spell: Iron Shot
  6058 | D        | Killed a fire giant
  6058 | D        | Received a gift from Sif Muna
  6059 | D        | Identified Sif Muna's Handbook of Unholy Confrontation (Sif Muna gifted it to you in the Dungeon)
  6123 | D        | Killed a fire giant
  6123 | D        | Reached skill level 22 in Fire Magic
  6123 | D        | Reached skill level 1 in Evocations
  6241 | D        | Noticed a fire giant
  6245 | D        | Killed a fire giant
  6245 | D        | Reached skill level 1 in Earth Magic
  6263 | D        | Lost mutation: You sometimes yell uncontrollably. [potion of cure mutation]
  6263 | D        | Lost mutation: You occasionally shout uncontrollably. [potion of cure mutation]
  6398 | D        | Bought the ring "Afuiqon" {Contam +Fly} for 264 gold pieces
  6495 | D        | Noticed Tiamat
  6516 | D        | Got the Orb of Zot
  6586 | D        | Escaped with the Orb!

Action                   |  1- 3 |  4- 6 |  7- 9 | 10-12 | 13-15 || total
-------------------------+-------+-------+-------+-------+-------++-------
Melee: Unarmed           |     5 |       |       |       |       ||     5
       Sabre             |       |       |       |    15 |       ||    15
 Cast: Flame Tongue      |     9 |    10 |    17 |    33 |       ||    69
       Sticky Flame      |       |     2 |    10 |    11 |       ||    23
       Fireball          |       |       |    11 |    21 |       ||    32
       Bolt of Fire      |       |       |       |    38 |     8 ||    46
       Iskenderun's Myst |       |       |       |    13 |     5 ||    18
       Iskenderun's Batt |       |       |       |    20 |     8 ||    28
       Delayed Fireball  |       |       |       |     1 |       ||     1
       Orb of Destructio |       |       |       |    12 |     3 ||    15
       Blink             |       |       |       |     5 |       ||     5
       Iron Shot         |       |       |       |       |     8 ||     8
       Sublimation of Bl |       |       |       |       |     3 ||     3
Invok: Channel Energy    |       |       |       |    17 |       ||    17
       Forget Spell      |       |       |       |       |     2 ||     2
 Abil: Release Delayed F |       |       |       |     1 |       ||     1
       Evoke Flight      |       |       |       |       |     1 ||     1
Evoke: Wand              |       |       |       |     1 |     3 ||     4
  Use: Potion            |     1 |       |       |     9 |     2 ||    12
       Scroll            |       |       |       |     9 |     2 ||    11
